 Dungeon Crawl Stone Soup version 0.31-a0-267-g3fc6992b3b (webtiles) character file.

Game seed: 7516267231293789018

67 qw the Shooter (level 3, -11/29 HPs)
             Began as a Minotaur Hexslinger on July 14, 2023.
             Mangled by Sigmund
             ... wielding a +0 scythe
              (13 damage)
             ... on level 2 of the Dungeon.
             The game lasted 00:00:22 (1156 turns).

qw the Shooter (Minotaur Hexslinger)                Turns: 1156, Time: 00:00:22

Health: -11/29     AC:  0    Str: 12    XL:     3   Next: 98%
Magic:  3/3        EV: 12    Int: 10    God:
Gold:   103        SH:  0    Dex: 14    Spells: 3/4 levels left

rFire   . . .        Y - +1 sling
rCold   . . .        (no shield)
rNeg    . . .        (no body armour)
rPois   .            (helmet restricted)
rElec   .            (no cloak)
rCorr   .            (no gloves)
SInv    .            (no boots)
Will    .....        (no amulet)
Stlth   +            (no ring)
HPRegen 0.24/turn    (no ring)
MPRegen 0.08/turn

%: no passive effects
@: confused
A: horns 2, retaliatory headbutt
a: no special abilities


You were on level 2 of the Dungeon.
You visited 1 branch of the dungeon, and saw 2 of its levels.

You collected 103 gold pieces.


Innate Abilities, Weirdness & Mutations

You have a pair of horns on your head.
You reflexively headbutt those who attack you in melee.


   Skills:
 - Level 2.0 Fighting
 + Level 4.5 Ranged Weapons
 - Level 2.1 Dodging
 - Level 1.0 Spellcasting
 - Level 2.0 Hexes


You had 3 spell levels left.
You knew the following spells:

 Your Spells              Type           Power      Damage    Failure   Level
a - Slow                  Hex            16%        N/A       16%         1

Your spell library contained the following spells:

 Spells                   Type           Power      Damage    Failure   Level
 Inner Flame              Hex/Fire       2%         N/A       56%         3
 Portal Projectile        Hex/Tloc       4%         N/A       56%         3
 Cause Fear               Hex            2%         N/A       83%         4

Inventory:

Hand Weapons
 Y - a +1 sling (weapon)
Armour
 d - a +0 ring mail
 e - a +0 leather armour
 j - a +3 ring mail
 k - a +0 pair of gloves
Scrolls
 a - a scroll of blinking {unknown}
 c - a scroll of enchant armour
 h - a scroll of brand weapon {unknown}
 i - a scroll of vulnerability {unknown}
 l - a scroll of identify {unknown}
Potions
 b - a potion of lignification {unknown}
 f - a potion of attraction {unknown}
 g - a potion of invisibility {unknown}

Dungeon Overview and Level Annotations

Branches:
Dungeon (2/15)

Altars:

Annotations:
D:2 Sigmund


Message History

Enter note:
Enter note:
Enter note:
Enter note:
Enter note:
Enter note:
Enter note:
Enter note: You shoot a sling bullet.
The sling bullet barely misses Sigmund.
You shoot a sling bullet.
The sling bullet closely misses Sigmund.
Sigmund hits you from afar with a +0 scythe!
You shoot a sling bullet.
The sling bullet hits Sigmund but does no damage.
Sigmund hits you from afar with a +0 scythe!
Enter note:
Enter note:
Enter note:
Enter note:
Enter note:
Enter note:
Enter note:
Enter note:
1146 ||| UPGRADING to +0 ring mail.
Sigmund barely misses you.
You start removing your armour.
You continue taking off your +0 leather armour. x2
Sigmund barely misses you.
You continue taking off your +0 leather armour.
Sigmund points at you and mumbles some strange words.
You are confused.
You continue taking off your +0 leather armour.
Sigmund misses you.
You finish taking off your +0 leather armour.
Sigmund casts a spell at you.
You are more confused.
Sigmund completely misses you.
Sigmund hits you from afar with a +0 scythe!
Sigmund hits you from afar with a +0 scythe!
You die...

......##.................<..
..#
............................
###.............##..........
....)......#######..........
...........# #..........
...........# ####.....
...........+ ......
...........#####..##
................@..#
...........##..##.......
............#...#@....?.
................#....!..
........^...#...#.......
##..........#...#.......
#..........######+#####
+..........# ...


You could see Sigmund.

Vanquished Creatures
  An orc priest (D:2)
  An adder (D:2)
  2 orcs (D:2)
  3 endoplasms
  2 giant cockroaches
  3 goblins
  A hobgoblin (D:1)
  3 jackals (D:2)
  4 ball pythons (D:1)
  4 bats (D:1)
  2 frilled lizards
  A rat (D:1)
27 creatures vanquished.

Notes
Turn   | Place    | Note
-------+----------+-------------------------------------------
     0 | D:1      | qw the Minotaur Hexslinger began the quest for the Orb.
     0 | D:1      | Reached XP level 1. HP: 16/16 MP: 1/1
     0 | D:1      | 0 ||| qw: Version: 0.3-a-52-g30416fa
     0 | D:1      | 0 ||| qw: Game counter: 7797
     0 | D:1      | 0 ||| qw: Melee chars always use a shield: true
     0 | D:1      | 0 ||| qw: God list: Okawaru
     0 | D:1      | 0 ||| qw: Allow faded altars: false
     0 | D:1      | 0 ||| qw: Do Orc after clearing Dungeon:15 true
     0 | D:1      | 0 ||| qw: Do second Lair branch before Depths: true
     0 | D:1      | 0 ||| qw: Lair rune preference: random
     0 | D:1      | 0 ||| qw: Goals: Normal
     0 | D:1      | 0 ||| PLANNING D:1-11
   242 | D:1      | Reached skill level 3 in Ranged Weapons
   253 | D:1      | Reached XP level 2. HP: 23/23 MP: 2/2
   680 | D:1      | 680 ||| UPGRADING to +0 leather armour.
   690 | D:1      | 690 ||| DROPPING +0 robe.
   691 | D:1      | 691 ||| READING scroll labelled UFOLU COCW.
   692 | D:1      | 692 ||| DROPPING scroll of poison.
   732 | D:2      | Reached skill level 4 in Ranged Weapons
   732 | D:2      | Reached XP level 3. HP: 13/29 MP: 3/3
   737 | D:2      | HP: 7/29 [poisoned by an adder]
  1142 | D:2      | Noticed Sigmund
  1146 | D:2      | 1146 ||| UPGRADING to +0 ring mail.
  1154 | D:2      | HP: 1/29 [Sigmund/+0 scythe (9)]
  1156 | D:2      | Mangled by Sigmund

Levels and vault maps discovered:
D:1:      nzn_arrival_water_spiral, layout_basic, nicolae_houndstooth_variations
D:2:      layout_basic, uniq_sigmund

Skill      XL: |  1  2 |
---------------+-------+-----
Ranged Weapons | 3 4 |  4.5
Fighting       | 2 |  2.0
Dodging        | |  2.1
Spellcasting   | |  1.0
Hexes          | |  2.0

Action                     || total
---------------------------++-------
   Fire: Sling             ||    74
    Use: Scroll            ||     1
 Armour: Robe              ||     4
         Leather armour    ||     6
  Dodge: Dodged            ||    38

Table legend:
 A = Non-vault XP
 B = Vault XP
 C = Vault XP percentage of total XP
 D = Non-vault monster count
 E = Vault monster count
 F = Vault count percentage of total count
                 A         B        C        D         E       F
            +---------+---------+-------+---------+---------+-------
      Total |      96 |       0 |   0.0 |      27 |       0 |   0.0
            +---------+---------+-------+---------+---------+-------
        D:1 |      23 |       0 |   0.0 |      16 |       0 |   0.0
        D:2 |      73 |       0 |   0.0 |      11 |       0 |   0.0
            +---------+---------+-------+---------+---------+-------
